 Dungeon Sprint DCSS version 0.21-a0-72-gbbb65ab (webtiles) character file.

7152 Kidiri the Fighter (level 10, -2/85 HPs)
             Began as a Demonspawn Transmuter on June 20, 2017.
             Was an Elder of Wu Jian.
             Slain by a deep elf blademaster
             ... wielding a +0 rapier
              (15 damage)
             ... in the Dungeon (Sprint VII: "The Pits").
             The game lasted 00:09:32 (1645 turns).

Kidiri the Fighter (Demonspawn Transmuter)          Turns: 1645, Time: 00:09:34

Health: -2/85      AC: 17    Str: 18    XL:     10   Next: 86%
Magic:  20/23      EV: 26    Int: 15    God:    Wu Jian [****..]
Gold:   0          SH:  0    Dex: 19    Spells: 15/28 levels left

rFire    + . .     SeeInvis .     - Unarmed
rCold    . . .     Gourm    .   (shield currently unavailable)
rNeg     . . .     Faith    .   z - +5 ring mail {rF+}
rPois    .         Spirit   .   b - +1 hat {MR+}
rElec    .         Reflect  .   (no cloak)
rCorr    .         Harm     .   (gloves currently unavailable)
MR       +....     NoTele   +   (no boots)
Stlth    ++........             (no amulet)
HPRegen  0.24/turn              s - +3 ring of evasion
MPRegen  0.18/turn              t - +3 ring of protection

@: mighty, agile, blade hands, slowed, glowing, heavenly storm, very slow
A: antennae 1, thin metallic scales 1, nightstalker 1, powered by pain 2
a: End Transformation, Serpent's Lash, Renounce Religion


You were in the Dungeon.
You worshipped Wu Jian.
Wu Jian was greatly pleased with you.
You were not hungry.
You had blades for hands.
You visited 1 branch

Inventory:

Missiles
 a - 33 arrows
Armour
 b - a +1 hat of magic resistance (worn)
 x - a +0 pair of gloves (melded)
 y - a +2 scale mail of fire resistance
 z - a +5 ring mail of fire resistance (worn)
Jewellery
 s - a +3 ring of evasion (left scythe-like blade)
 t - a +3 ring of protection (right scythe-like blade)
Scrolls
 j - a scroll of blinking
 m - 3 scrolls of remove curse
 n - 5 scrolls of amnesia
 o - a scroll of summoning
Potions
 e - 9 potions of curing
 f - 7 potions of heal wounds
 g - a potion of haste
 h - 4 potions of magic
 i - 2 potions of berserk rage
 l - 2 potions of invisibility
 r - a potion of experience {unknown}
 u - a potion of agility
 v - a potion of resistance
 w - a potion of might
Books
 c - a book of Changes

   Spells                             Type                      Level
   a - Beastly Appendage              Transmutation                1
   b - Sticks to Snakes               Transmutation                2
   c - Spider Form                    Transmutation/Poison         3
   d - Ice Form                       Ice/Transmutation            4
   e - Blade Hands                    Transmutation                5
Comestibles
 d - 8 bread rations
 p - 40 fruits
 q - 7 meat rations


   Skills:
 * Level 10.1 Fighting
 * Level 8.1 Armour
 * Level 9.4 Dodging
 + Level 7.0 Stealth
 * Level 10.0 Unarmed Combat
 * Level 9.6 Spellcasting
 * Level 9.6 Transmutations
 + Level 5.5 Ice Magic
 + Level 6.0 Poison Magic


You had 15 spell levels left.
You knew the following spells:

 Your Spells              Type           Power        Failure   Level  Hunger
a - Beastly Appendage     Tmut           #####.       10%         1    None
b - Spider Form           Tmut/Pois      ####......   21%         3    #......
c - Ice Form              Ice/Tmut       ####....     38%         4    ###....
d - Blade Hands           Tmut           #####.....   43%         5    #####..


Dungeon Overview and Level Annotations

Branches:
Dungeon (1/1)

Altars:
Ashenzari
Cheibriados
Dithmenos
Elyvilon
Fedhas
Gozag
Hepliaklqana
Kikubaaqudgha
Makhleb
Nemelex Xobeh
Okawaru
Qazlal
Ru
Sif Muna
Trog
Uskayaw
Vehumet
Wu Jian
Xom
Yredelemnul
Zin
The Shining One
Beogh
Jiyva
Lugonu


Innate Abilities, Weirdness & Mutations

You have a pair of small antennae on your head.
You are partially covered in thin metallic scales. (AC +2)
You are slightly more attuned to the shadows.
You sometimes gain power by taking damage.


Message History

The deep troll completely misses you. The deep troll claws you.
The deep troll misses you. The death cob misses you.
The deep elf blademaster hits you with a rapier!
* * * LOW HITPOINT WARNING * * *
You focus on the pain.
You feel mightier all of a sudden.
The deep elf blademaster hits you with a rapier!
* * * LOW HITPOINT WARNING * * *
The deep troll barely misses you. The deep troll claws you!
* * * LOW HITPOINT WARNING * * *
You focus on the pain.
You feel agile all of a sudden.
The deep troll claws you but does no damage.
Unknown command.
Unknown command.
You feel much better. The death cob completely misses you. x2
The deep elf blademaster hits you with a rapier!
* * * LOW HITPOINT WARNING * * *
The deep elf blademaster hits you with a rapier!
You die...

...# #### ###
########### ..#
#.........# ..#
##.......## .##
####...#### ### ##
###..+...+.§##§§#
.###..)%##+##.§§§§#
..#....##...##§T@§#
..%)...+..%..+§ze§+
..#....##...##§§§§#
.###....##+##§§§§§#
##
###..+...'§§##§.#
.## ####..)#### ###
..# ##.......## ..#
#.........# ###
###########


You could see a deep elf blademaster, a death cob and a deep troll.

Vanquished Creatures
  Gastronok (D)
  Urug (D)
  An orc high priest (D)
  A fire crab (D)
  An unseen horror (D)
  A phantasmal warrior (D)
  A molten gargoyle (D)
  A kobold demonologist (D)
  A guardian mummy (D)
  2 hornets (D)
  Prince Ribbit (D)
  A hippogriff (D)
  A spriggan (D)
  A ynoxinul (D)
  A steam dragon (D)
  Edmund (D)
  A soldier ant (D)
  A floating eye (D)
  An ogre (D)
  A centaur (D)
  A big kobold (D)
  A bullfrog (D)
  A scorpion (D)
  A quasit (D)
  An orc priest (D)
  2 orc wizards (D)
  An iguana (D)
  A worker ant (D)
  A mummy (D)
  A gnoll (D)
  2 orcs (D)
  A bat (D)
  2 giant cockroaches (D)
  2 hobgoblins (D)
  A kobold (D)
  A quokka (D)
  3 ball pythons (D)
  A ball python zombie (D)
  A frilled lizard (D)
  A giant cockroach zombie (D)
  A jackal skeleton (D)
  2 rats (D)
50 creatures vanquished.

Notes
Turn   | Place    | Note
-------+----------+-------------------------------------------
     0 | D        | Kidiri the Demonspawn Transmuter began the quest for the Orb.
     0 | D        | Reached XP level 1. HP: 15/15 MP: 3/3
    51 | D        | Found a bloodstained altar of Trog.
    51 | D        | Found a deep blue altar of Sif Muna.
    51 | D        | Found a viscous altar of Jiyva.
    51 | D        | Found a hazy altar of Hepliaklqana.
    51 | D        | Found an opulent altar of Gozag.
    52 | D        | Found a glowing golden altar of the Shining One.
    52 | D        | Found a glowing silver altar of Zin.
    52 | D        | Found a basalt altar of Yredelemnul.
    52 | D        | Found a shimmering altar of Xom.
    52 | D        | Found an ornate altar of the Wu Jian Council.
    52 | D        | Found a sacrificial altar of Ru.
    52 | D        | Found a stormy altar of Qazlal.
    52 | D        | Found an iron altar of Okawaru.
    52 | D        | Found a sparkling altar of Nemelex Xobeh.
    52 | D        | Found a burning altar of Makhleb.
    52 | D        | Found a blossoming altar of Fedhas.
    52 | D        | Found a white marble altar of Elyvilon.
    52 | D        | Found a shadowy altar of Dithmenos.
    52 | D        | Found a snail-covered altar of Cheibriados.
    54 | D        | Found a radiant altar of Vehumet.
    54 | D        | Found a corrupted altar of Lugonu.
    54 | D        | Found a roughly hewn altar of Beogh.
    55 | D        | Found a hide-covered altar of Uskayaw.
    55 | D        | Found an ancient bone altar of Kikubaaqudgha.
    55 | D        | Found a shattered altar of Ashenzari.
    61 | D        | Became a worshipper of the Wu Jian Council
   164 | D        | Reached * piety under Wu Jian
   237 | D        | Reached ** piety under Wu Jian
   239 | D        | Gained mutation: You have a pair of small antennae on your head. [demonic ancestry]
   239 | D        | Reached XP level 2. HP: 14/22 MP: 3/5
   355 | D        | Noticed a bullfrog
   356 | D        | Noticed a big kobold
   356 | D        | Noticed Prince Ribbit
   356 | D        | Noticed a floating eye
   362 | D        | Killed a bullfrog
   362 | D        | Reached skill level 1 in Armour
   362 | D        | Reached XP level 3. HP: 29/29 MP: 5/8
   362 | D        | Gained mutation: You are slightly more attuned to the shadows. [demonic ancestry]
   362 | D        | Reached XP level 4. HP: 35/35 MP: 5/9
   362 | D        | Paralysed by a floating eye for 2 turns
   367 | D        | Killed a floating eye
   367 | D        | Reached *** piety under Wu Jian
   367 | D        | Gained mutation: You sometimes gain a little power by taking damage. [demonic ancestry]
   367 | D        | Reached XP level 5. HP: 43/43 MP: 6/11
   371 | D        | Reached skill level 5 in Fighting
   371 | D        | Reached skill level 5 in Unarmed Combat
   378 | D        | HP: 2/44 [Prince Ribbit (11)]
   402 | D        | Learned a level 3 spell: Spider Form
   407 | D        | Learned a level 4 spell: Ice Form
   413 | D        | Learned a level 5 spell: Blade Hands
   662 | D        | Killed Prince Ribbit
   662 | D        | Reached skill level 5 in Dodging
   662 | D        | Reached skill level 5 in Spellcasting
   662 | D        | Reached skill level 5 in Transmutations
   662 | D        | Reached skill level 1 in Ice Magic
   662 | D        | Reached skill level 1 in Poison Magic
   662 | D        | Gained mutation: You are partially covered in thin metallic scales. (AC +2) [demonic ancestry]
   662 | D        | Reached XP level 6. HP: 25/52 MP: 12/14
   848 | D        | Reached **** piety under Wu Jian
   850 | D        | Noticed Urug
   860 | D        | Killed Urug
   860 | D        | Gained mutation: You sometimes gain power by taking damage. [demonic ancestry]
   860 | D        | Reached XP level 7. HP: 51/60 MP: 7/17
   860 | D        | Reached XP level 8. HP: 56/67 MP: 7/18
   964 | D        | Reached ***** piety under Wu Jian
   993 | D        | Reached skill level 5 in Stealth
  1172 | D        | Noticed a molten gargoyle
  1173 | D        | Noticed an unseen horror
  1175 | D        | Killed a molten gargoyle
  1175 | D        | Reached skill level 5 in Armour
  1175 | D        | Killed an unseen horror
  1175 | D        | Reached XP level 9. HP: 74/74 MP: 13/20
  1184 | D        | Noticed an orc high priest
  1184 | D        | Noticed a guardian mummy
  1191 | D        | Killed an orc high priest
  1195 | D        | Killed a guardian mummy
  1311 | D        | Noticed a fire crab
  1321 | D        | Killed a fire crab
  1321 | D        | Reached skill level 5 in Poison Magic
  1325 | D        | Reached XP level 10. HP: 83/83 MP: 8/22
  1402 | D        | Noticed Gastronok
  1411 | D        | Killed Gastronok
  1411 | D        | Reached skill level 5 in Ice Magic
  1479 | D        | Noticed a phantasmal warrior
  1479 | D        | Noticed Edmund
  1482 | D        | Killed Edmund
  1483 | D        | Killed a phantasmal warrior
  1483 | D        | Reached skill level 10 in Fighting
  1638 | D        | Noticed a death cob
  1639 | D        | Noticed a deep troll
  1640 | D        | Noticed a deep elf blademaster
  1641 | D        | Reached skill level 10 in Unarmed Combat
  1644 | D        | HP: 1/85 [deep troll (13)]
  1645 | D        | Slain by a deep elf blademaster

Vault maps used:
D:        pitsprint

Skill      XL: |  1  2  3  4  5  6  7  8  9 10 |
---------------+-------------------------------+-----
Dodging        | 2 3 4 5 6 7 8 9 |  9.4
Transmutations | 2 3 4 5 6 7 8 9 |  9.6
Unarmed Combat | 3 4 6 7 8 10 | 10.0
Fighting       | 3 4 5 7 8 9 10 | 10.1
Armour         | 1 2 3 4 5 6 8 |  8.1
Stealth        | 2 3 4 5 6 7 |  7.0
Spellcasting   | 3 4 5 6 7 8 9 |  9.6
Ice Magic      | 1 2 3 4 5 |  5.5
Poison Magic   | 1 3 4 5 6 |  6.0

Action                   |  1- 3 |  4- 6 |  7- 9 | 10-12 || total
-------------------------+-------+-------+-------+-------++-------
Melee: Unarmed           |    40 |    37 |    45 |    35 ||   157
       Kick              |     4 |     2 |       |       ||     6
       Headbutt          |     2 |       |       |       ||     2
       Punch             |       |       |       |     1 ||     1
 Cast: Beastly Appendage |     6 |     1 |       |       ||     7
       Ice Form          |       |     2 |       |       ||     2
       Blade Hands       |       |       |     4 |     3 ||     7
Invok: Serpent's Lash    |       |       |     2 |     2 ||     4
       Heavenly Storm    |       |       |     1 |     4 ||     5
  Use: Potion            |     1 |     4 |       |     1 ||     6
 Stab: Sleeping          |       |     2 |     2 |     2 ||     6
  Eat: Chunk             |       |       |     4 |     2 ||     6
Armor: Robe              |     5 |     2 |       |       ||     7
       Ring mail         |       |       |    15 |     7 ||    22
Dodge: Dodged            |    30 |    26 |    25 |    28 ||   109
